 Dungeon Sprint DCSS version 0.30-a0-360-g447f08457e (webtiles) character file.

Game seed: 3051891968992646773

240 Pestilence the Trooper (level 5, 0/48 HPs)
             Began as a Demonspawn Gladiator on Nov 13, 2022.
             Slain by an ogre
             ... wielding a +0 giant club
              (20 damage)
             ... in the Dungeon (Sprint IX: "|||||||||||||||||||||||||||||").
             The game lasted 00:00:31 (94 turns).

Pestilence the Trooper (Demonspawn Gladiator)         Turns: 94, Time: 00:00:31

Health: 0/48       AC:  3    Str: 16    XL:     5   Next: 79%
Magic:  5/5        EV: 18    Int:  9    God:
Gold:   0          SH:  0    Dex: 15    Spells: 4/4 levels left

rFire   . . .      SeeInvis .    a - +0 long sword
rCold   . . .      Faith    .    (no shield)
rNeg    . . .      Spirit   .    b - +0 leather armour
rPois   .          Reflect  .    (helmet restricted)
rElec   .          Harm     .    (no cloak)
rCorr   .          Rampage  .    (no gloves)
Will    .....      NoTele   +    (no boots)
Stlth   +.........               (no amulet)
HPRegen 0.28/turn                (no ring)
MPRegen 0.09/turn                (no ring)

@: on berserk cooldown, slowed, very slow
A: horns 1, repulsion field 2, powered by death 1
a: no special abilities


You were in the Dungeon.
You visited 1 branch

Inventory:

Hand Weapons
 a - a +0 long sword (weapon)
Armour
 b - a +0 leather armour (worn)
Scrolls
 k - a scroll of blinking
Potions
 f - a potion of curing
 h - a potion of haste
 i - 2 potions of magic


   Skills:
 + Level 7.2 Fighting
 + Level 6.9 Long Blades
 - Level 1.7 Throwing
 + Level 7.0 Dodging


You had 4 spell levels left.
You didn't know any spells.
Your spell library was empty.

Dungeon Overview and Level Annotations

Branches:
Dungeon (1/1)

Altars:


Innate Abilities, Weirdness & Mutations

You have a pair of small horns on your head.
You are surrounded by a moderate repulsion field. (EV +3)
You regenerate a little health from kills.


Message History

Increase (S)trength, (I)ntelligence, or (D)exterity?
You feel stronger. x2; Your demonic ancestry asserts itself...
You begin to radiate repulsive energy.
You have reached level 4!
You feel agile.
Your demonic ancestry asserts itself...
A wave of death washes over you.
The centaur unwields a +0 shortbow.
The centaur hits you. The centaur closely misses you.
You hit the centaur.
The centaur is moderately wounded.
The centaur hits you. The centaur kicks you.
You slash the centaur!
The centaur is severely wounded.
The centaur hits you. The centaur closely misses you.
You slash the centaur!
You kill the centaur!
Your Fighting skill increases to level 6!
Your Long Blades skill increases to level 6!
Your Dodging skill increases to level 6!
You have reached level 5!
Your demonic ancestry asserts itself...
Your repulsive radiation grows stronger.
Unknown command.
You are no longer berserk.
You are exhausted.
You feel yourself slow down. The scorpion stings you.
You see here a +0 shortbow.
You slash the scorpion! Your headbutt misses the scorpion.
The scorpion is heavily wounded.
The scorpion misses you. The scorpion barely misses you.
You slash the scorpion!
You kill the scorpion!
The ogre closely misses you.
Your Fighting skill increases to level 7!
Your Dodging skill increases to level 7!
You closely miss the ogre. The ogre misses you.
You slash the ogre! You headbutt the ogre!
The ogre is heavily wounded.
The ogre hits you with a +0 giant club!!
You die...

▓†▓
▓.▓
▓[▓
▓.▓
▓.▓
▓.▓
▓'▓
▓.▓
▓@▓
▓O▓
▓.▓
▓.▓
▓+▓


You could see an ogre.

Vanquished Creatures
  An ice beast (D)
  A centaur (D)
  A scorpion (D)
  A dart slug (D)
  A worm (D)
  An endoplasm (D)
  A giant cockroach (D)
  A jackal (D)
  A quokka (D)
9 creatures vanquished.

Notes
Turn   | Place    | Note
-------+----------+-------------------------------------------
     0 | D        | Pestilence the Demonspawn Gladiator began the quest for the
                  | Orb.
     0 | D        | Reached XP level 1. HP: 16/16 MP: 1/1
    19 | D        | Gained mutation: You have a pair of small horns on your
                  | head. [demonic ancestry]
    19 | D        | Reached XP level 2. HP: 12/24 MP: 2/2
    73 | D        | Noticed an ice beast
    73 | D        | Noticed a centaur
    73 | D        | Noticed a scorpion
    73 | D        | Noticed an ogre
    85 | D        | Killed an ice beast
    86 | D        | Reached skill level 5 in Fighting
    86 | D        | Reached skill level 5 in Long Blades
    86 | D        | Reached skill level 5 in Dodging
    86 | D        | Gained mutation: You are surrounded by a mild repulsion
                  | field. (EV +2) [demonic ancestry]
    86 | D        | Reached XP level 3. HP: 33/33 MP: 3/3
    86 | D        | Gained mutation: You regenerate a little health from kills.
                  | [demonic ancestry]
    86 | D        | Reached XP level 4. HP: 39/39 MP: 4/4
    89 | D        | Killed a centaur
    90 | D        | Gained mutation: You are surrounded by a moderate repulsion
                  | field. (EV +3) [demonic ancestry]
    90 | D        | Reached XP level 5. HP: 34/47 MP: 5/5
    94 | D        | Slain by an ogre

Illustrated notes

Levels and vault maps discovered:
D:        linesprint [early_d, line_temple, items_1, d_10, items_2, lair_1,
          lair_end, items_3, orc_1, orc_end, items_4, d_15, swamp_1, shoals_1,
          snake_1, spider_1, d_20, vaults_1, items_5, swamp_end, shoals_end,
          snake_end, spider_end, vaults_end, d_27, items_6, zot_1, zot_end,
          crypt_end, forest_end, elf_end, slime_end, tomb_end, abyss_end,
          pan_hell_end]

Skill      XL: |  1  2  3  4  5 |
---------------+----------------+-----
Long Blades    | 3 5 6 |  6.9
Dodging        | 3 5 6 7 |  7.0
Fighting       | 3 5 6 7 |  7.2
Throwing       | |  1.7

Action                   |  1- 3 |  4- 6 || total
-------------------------+-------+-------++-------
Melee: Long sword        |    21 |     7 ||    28
       Headbutt          |     1 |     1 ||     2
  Use: Potion            |     2 |       ||     2
Armor: Leather armour    |     3 |       ||     3
Dodge: Dodged            |     9 |     6 ||    15

Table legend: (Time is in decaauts)
 A = Elapsed time spent in this place.
 B = Non-inter-level travel time spent in this place.
 C = Inter-level travel time spent in this place.
 D = Time resting spent in this place.
 E = Time spent auto-exploring this place.
 F = Levels seen in this place.
 G = Mean time per level.
                   A        B        C        D        E       F      G
               +--------+--------+--------+--------+--------+-----+--------+
         Total |     96 |     96 |      0 |     48 |      0 |   1 |   96.0 |
       Dungeon |     96 |     96 |      0 |     48 |      0 |   1 |   96.0 |
               +--------+--------+--------+--------+--------+-----+--------+

Top non-repeatable levels by time:
       D: 96 daAuts
